[Event "55th Biel Festival MTO 2022"]
[Site "Biel"]
[Date "2022.07.18"]
[Round "5.3"]
[White "Pranav Anand"]
[Black "Sethuraman S.P."]
[Result "1-0"]
[ECO "A62"]
[WhiteElo "2463"]
[BlackElo "2623"]
[Annotator "TA"]
[PlyCount "141"]
[EventDate "2022.07.13"]
[EventType "swiss"]
[EventCountry "SUI"]
[SourceTitle "playchess.com"]
[Source "ChessBase"]
[SourceQuality "1"]
[TimeControl "40/5400+30:1800+30"]

1. d4 Nf6 2. c4 e6 3. g3 c5 4. d5 exd5 5. cxd5 d6 6. Nc3 g6 7. Bg2 Bg7 8. Nf3 O-O 9. O-O Re8 10. Bf4 h6 {[%emt 0:00:08] 10...Bf5 is the modern continuation. A62: Modern Benoni: Fianchetto Variation without early ...Nbd7.} 11. h3 {[%emt 0:10:51][%cal Bh2h3,Bh3h4][%mdl 32] [#]} Na6 $146 ({Predecessor:} 11... g5 12. Bc1 Bf5 13. Nd2 Qd7 14. g4 Bg6 15. a4 Na6 16. Nc4 Nb4 17. f4 Bc2 18. Qd2 {0-1 (85) Oganian,M (2454)-Jakovenko,D (2710) Sochi 2017}) 12. Re1 (12. Qc1 $5 ) 12... g5 {[%emt 0:08:09] The position is equal.} 13. Bd2 Bf5 14. h4 g4 15. Nh2 Bg6 16. e4 h5 17. Bf4 c4 18. Nb5 (18. Nf1 $1 $11) 18... Nxe4 (18... Rxe4 {looks sharper.} 19. Bxe4 Nxe4 20. Rxe4 Bxe4 21. Nxd6 Bd3) 19. Bxe4 Rxe4 20. Rxe4 Bxe4 21. Nxd6 Bd3 22. b3 (22. Rc1 $1 $15) 22... Nb4 $17 (22... Bxa1 23. Qxa1 cxb3 24. axb3 $11) 23. bxc4 Bc2 {[%emt 0:02:55] Inhibits Rb1. This bishop pair is nice.} 24. Qd2 Bxa1 $19 25. Qxb4 Qb6 26. Nb5 Re8 {[%emt 0:05:56] Prevents Qe7.} 27. Qd2 {[%emt 0:04:00] Inhibits Bd3.} Qg6 (27... a6 $1 $19 {White must now prevent ...Bg6.} 28. Qxc2 axb5) 28. Nc7 $2 {[%emt 0:04:37] [#]} (28. Nd6 $11 {and White has nothing to worry.} Re7 29. Nc8) 28... Re4 $1 29. Be3 {[%emt 0:03:37] Inhibits Rd4.} (29. Qc1 $2 Bc3 $1 30. Be3 Rxc4 $19) 29... Rxc4 30. d6 Be5 $1 31. Ne8 {[%emt 0:02:02] Strongly threatening d7.} Ba4 (31... Bc3 $1 $19 32. Qd5 Qe6 33. Qxe6 fxe6) 32. d7 $15 {[%emt 0:00:12] [#]} Bxd7 33. Qxd7 Kh7 (33... Rc6 $15) 34. Qe7 $132 {[%emt 0:06:01][%mdl 2048] White is not holding back} (34. Bxa7 Rc1+ 35. Nf1 Qe6 36. Qd3+ f5 $17) (34. Qxb7 Qe6 35. Qb5 a6 $17) 34... Re4 (34... Qe6 $5 35. Qg5 Qxe8 36. Qxh5+ Kg8 $11) 35. Qxb7 a5 $2 (35... Rxe3 $1 $11 36. fxe3 Qe6) 36. Qd5 $1 $18 Kg8 $2 (36... Rxe3 $2 37. fxe3 Bxg3 38. Nf1 $18 (38. Qxa5 Bxh2+ 39. Kxh2 g3+ 40. Kg2 Qe4+ 41. Kh3 Qg4+ 42. Kg2 Qe4+ 43. Kxg3 Qxe3+ 44. Kh2 Qe2+ 45. Kh1 Qe4+ 46. Kh2 Qe2+ 47. Kh3 Qg4+ 48. Kh2 Qf4+ 49. Kh3 Qg4+ 50. Kh2 Qxh4+ 51. Kg2 Qe4+ 52. Kg3 Qg4+ 53. Kf2 Qh4+ 54. Kg2 Qg4+ 55. Kf2 Qh4+ 56. Kg2 $11)) (36... Bh8) 37. Qd8 $2 (37. Qxa5 Rxe3 38. fxe3 Qb1+ 39. Nf1 Qb8 40. Nf6+ (40. Qa4 Kf8 $18) 40... Bxf6 41. Qxh5 Qb4 $18) (37. Nf1 $18 {is more deadly.}) 37... Kh7 $16 (37... Rxe3 $2 38. fxe3 Bxg3 39. Nf1 $18 (39. Qxa5 Bxh2+ 40. Kxh2 g3+ 41. Kg2 Qe4+ 42. Kxg3 Qxe3+ 43. Kh2 Qf4+ 44. Kg2 Qe4+ 45. Kh3 Qg4+ 46. Kh2 Qxh4+ 47. Kg2 Qg4+ 48. Kh2 Qf4+ 49. Kg2 Qg4+ 50. Kh2 Qe2+ 51. Kg3 Qxe8 $11) (39. Nf6+ Kg7 $18)) 38. Qd5 $2 (38. Qxa5 $6 Bxg3 $1 39. Nf1 (39. fxg3 Rxe3 40. Nf6+ Qxf6 $17) 39... Bxh4 $11) (38. Nf1 $16) 38... Kg8 $1 $18 (38... Rxe3 $2 39. fxe3 Bxg3 40. Nf1 $18 (40. Qxa5 Bxh2+ 41. Kxh2 g3+ 42. Kg2 Qe4+ 43. Kh3 Qg4+ 44. Kg2 Qe4+ 45. Kxg3 Qxe3+ 46. Kh2 Qe2+ 47. Kg1 Qe3+ 48. Kh1 Qe4+ 49. Kh2 Qxh4+ 50. Kg2 Qg4+ 51. Kh2 Qh4+ 52. Kg2 Qg4+ 53. Kh2 Qf4+ 54. Kh3 Qf3+ 55. Kh2 Qf4+ 56. Kh3 Qf3+ 57. Kh2 Qf4+ $11)) 39. a3 ({Don't play} 39. Qxa5 Rxe3 40. fxe3 Qb1+ 41. Nf1 Qb8 42. Nf6+ (42. Qa4 Kf8 $18) 42... Bxf6 43. Qxh5 Qb4) (39. Nf1 $142) 39... Bc3 (39... Rxe3 {is a better defense.} 40. fxe3 Bxg3) 40. Nd6 Re5 41. Qa8+ Kg7 42. Qc8 Bb2 43. Nc4 Qc2 44. Nxg4 Rb5 $2 (44... Qd1+ 45. Kh2 Qxg4 46. Qxg4+ hxg4 47. Nxb2 f6) 45. Qc6 (45. Nh6 $142 Qh7 46. Nxb2) 45... Rf5 46. Nh2 Bf6 47. Qd7 {[%emt 0:00:34] Inhibits Qd1+. aiming for Nd6.} Qb1+ 48. Nf1 {[%emt 0:00:07] Nd6 is the strong threat.} Qb5 49. Qc7 Qd5 50. Qc8 {[%emt 0:01:32][%cal Oe3h6] Hoping for Bh6+!} Qe6 51. Qxe6 fxe6 52. Nfd2 Rd5 53. Nb3 Bc3 54. Kg2 Kf6 55. a4 e5 (55... Rd1 {keeps fighting.} 56. Bb6 Rb1) 56. Bb6 Rd3 57. Bxa5 Bxa5 (57... Bb4 $142 58. Bxb4 Rxb3) 58. Nbxa5 e4 59. Nb6 Ra3 60. Nac4 Ra2 61. Nd5+ Kf5 62. a5 Ra4 63. Nde3+ Ke6 64. Nd2 Ke5 65. Ndc4+ Ke6 $1 66. Kf1 Ra1+ {[%emt 0:00:34] [#]} 67. Ke2 $1 Ra2+ 68. Nd2 Ke5 69. Nec4+ Kd4 70. Nd6 Rxa5 (70... Kd5 $18 71. N6xe4 Rxa5) 71. Nb3+ {[%emt 0:00:07] Never resign too early!  Weighted Error Value: White=0.46/Black=0.35} 1-0

[Event "55th Biel Festival MTO 2022"]
[Site "Biel"]
[Date "2022.07.18"]
[Round "5.4"]
[White "Aryan Chopra"]
[Black "Mendonca Leon Luke"]
[Result "1-0"]
[ECO "B12"]
[WhiteElo "2610"]
[BlackElo "2567"]
[Annotator "TA"]
[PlyCount "83"]
[EventDate "2022.07.13"]
[EventType "swiss"]
[EventCountry "SUI"]
[SourceTitle "playchess.com"]
[Source "ChessBase"]
[SourceQuality "1"]
[TimeControl "40/5400+30:1800+30"]

1. e4 c6 2. d4 d5 3. e5 Bf5 4. Nf3 e6 5. Be2 c5 6. Be3 Qb6 {[%emt 0:01:26] is the new trend.} 7. Nc3 Nc6 (7... Qxb2 8. Nb5 $16) 8. Na4 {[%emt 0:00:34] B12: Caro-Kann: Advance Variation.} (8. O-O $5 ) 8... Qa5+ 9. c3 c4 10. b4 {[%emt 0:00:23] White has an edge.} Bxb4 11. cxb4 Nxb4 12. Nc5 $1 Nc2+ 13. Kf1 Nxa1 14. Qxa1 Qb5 {[%emt 0:05:08] [#]} 15. a4 $5 $146 {[%emt 0:03:31][%mdl 8] New and interesting.} (15. Bd1 $5 c3+ 16. Be2 $15 (16. Kg1 $2 c2 $19)) ({Predecessor:} 15. Qd1 Ne7 16. Nh4 Qb1 17. g4 Bc2 18. Qxb1 Bxb1 19. Kg2 Bxa2 20. Ra1 Bb3 21. Nxb7 {½-½ (76) Grischuk,A (2758)-Bluebaum,M (2642) Chess.com INT 2022}) 15... Qc6 16. Nh4 Bc2 17. a5 Ne7 18. Qb2 (18. Qa2 $5 Nf5 19. Nxf5 (19. Qxc2 Nxh4 20. Bg4 b6 $15) 19... Bxf5 20. g4 $15) 18... Nf5 (18... Ba4 $15 {stays ahead.}) 19. Nxf5 $1 $16 ({But not} 19. Qxc2 Nxh4 20. Bg4 b6 $15) 19... Bxf5 20. a6 (20. g4 $16 Bg6 21. Qxb7 Qxb7 22. Nxb7) 20... b6 $11 21. Nb7 O-O $1 22. Nd6 (22. Qb4 $11 {keeps the balance.}) 22... b5 $1 $17 23. g4 Bg6 (23... Be4 $15 24. f3 Bd3) 24. Kg2 $11 Qxa6 25. h4 f6 (25... Qa4 $11 26. Bd1 Qa5) 26. h5 $14 Be8 27. h6 {[%emt 0:04:40] hxg7 is the strong threat.} (27. g5 $5 fxe5 28. dxe5 $11) 27... g6 28. Bf4 Qb6 29. exf6 {[%emt 0:00:18][%mdl 64] Remove Defender} Rxf6 (29... Rd8 $11 30. Nxe8 Rdxe8) 30. Be5 $36 {[%emt 0:05:45][%mdl 2048] Keeping Black busy. White is much more active.} Rf8 31. Bd1 (31. Qc3 $16) 31... Rd8 $2 (31... Qd8 $11) 32. Nxe8 $18 {[%emt 0:00:19] The board is on fire.} Rdxe8 33. Bc2 $1 {[%emt 0:00:10] A strong pair of Bishops.} Rf7 $2 {[%emt 0:00:31] [#]} (33... Re7) 34. Bxg6 $1 hxg6 {[%emt 0:00:04] [#]} 35. h7+ $1 Rxh7 36. Qb1 Rg7 {[%emt 0:00:58] [#]} 37. Qc1 $1 Qb7 {[%emt 0:00:50] White must now prevent ...Rh7.} 38. Qh6 {[%emt 0:00:44] Intending Qh8+ and mate.} Ree7 39. Qh8+ Kf7 40. Qxg7+ Ke8 41. Rh8+ Kd7 {[%emt 0:30:02] [#]} 42. Qxe7+ $3 {[%emt 0:00:07][%mdl 512] Weighted Error Value: White=0.14 (very precise) /Black=0.60} 1-0

[Event "55th Biel Festival MTO 2022"]
[Site "Biel"]
[Date "2022.07.18"]
[Round "5.5"]
[White "Erdos Viktor"]
[Black "Yu Yangyi"]
[Result "1/2-1/2"]
[ECO "B50"]
[WhiteElo "2586"]
[BlackElo "2720"]
[Annotator "TA"]
[PlyCount "58"]
[EventDate "2022.07.13"]
[EventType "swiss"]
[EventCountry "SUI"]
[SourceTitle "playchess.com"]
[Source "ChessBase"]
[SourceQuality "1"]
[TimeControl "40/5400+30:1800+30"]

1. e4 c5 2. Nf3 e6 3. b3 d6 4. Bb2 Nf6 5. e5 dxe5 6. Nxe5 Be7 7. Bd3 Bd7 {[%emt 0:07:01] B50: Sicilian: 2...d6, Miscellaneous.} 8. Na3 Nc6 9. Nac4 O-O 10. O-O {[%emt 0:01:53] [#]} Nd4 $146 ({Predecessor:} 10... b5 11. Nxc6 Bxc6 12. Ne5 Be8 13. Qe2 Rb8 14. c4 bxc4 15. Bxc4 Nd5 16. Rfd1 Qc7 {½-½ (22) Kralovic,A (2253)-Plachetka,J (2291) Slovakia 2019}) 11. Re1 Be8 12. Nf3 Nc6 13. Nce5 Nb4 14. Bf1 Qc7 15. a3 Nc6 16. Nxc6 Bxc6 17. Ne5 Be4 18. d3 Rad8 19. Qe2 {[%emt 0:05:15] The position is equal.} Bd5 20. c4 Bc6 21. g3 a5 22. Bc3 Nd7 23. Nxd7 Rxd7 24. Qb2 g6 25. Qd2 {[%emt 0:01:38] next Qh6 is good for White.} Ra8 $1 26. Qh6 {[%emt 0:00:16][%csl Gc3][%cal Rh6g7] [#]} Bf8 {[%emt 0:00:07] Prevents Qg7+.} 27. Qg5 Be7 {[%emt 0:00:48] Inhibits Qf6.} 28. Qh6 Bf8 {[%emt 0:00:27] Against Qg7+} 29. Qg5 {[%emt 0:00:05] Threatens to win with Qf6.} Be7 $1 {[%emt 0:00:28] Prevents Qf6.  Weighted Error Value: White=0.06 (flawless) /Black=0.04 (flawless)} 1/2-1/2

[Event "55th Biel Festival MTO 2022"]
[Site "Biel"]
[Date "2022.07.18"]
[Round "5.6"]
[White "Alekseenko Kirill"]
[Black "Azarov Sergei"]
[Result "1-0"]
[ECO "C92"]
[WhiteElo "2708"]
[BlackElo "2566"]
[Annotator "TA"]
[PlyCount "67"]
[EventDate "2022.07.13"]
[EventType "swiss"]
[EventCountry "SUI"]
[SourceTitle "playchess.com"]
[Source "ChessBase"]
[SourceQuality "1"]
[TimeControl "40/5400+30:1800+30"]

1. e4 e5 2. Nf3 Nc6 3. Bb5 a6 4. Ba4 Nf6 5. O-O Be7 6. Re1 b5 7. Bb3 d6 8. c3 O-O 9. h3 Re8 10. d4 Bb7 11. Nbd2 Bf8 12. Bc2 Rc8 {[%emt 0:00:30] [#] C92: Closed Ruy Lopez: 9...Be6, Karpov and Flohr-Zaitsev Variations.} 13. b3 $1 $146 {[%emt 0:00:30][%mdl 8] A top novelty.} ({Predecessor:} 13. a3 Nb8 14. a4 Nbd7 15. axb5 axb5 16. Bd3 c6 17. b4 Ra8 18. Rxa8 Qxa8 19. Bb2 h6 20. Qc2 {½-½ (31) Peli,G (2542)-Piccardo,V (2574) ICCF corr 2002}) 13... b4 14. Bb2 bxc3 15. Bxc3 exd4 16. Nxd4 Ne5 17. b4 (17. f4 $14 Ned7 18. Rc1) 17... g6 18. Ba4 c6 (18... c5 {is more complex.} 19. bxc5 Rxc5 20. Rc1 Nd3) 19. N4f3 Nfd7 (19... Nd3 {feels hotter.} 20. Re3 Nf4 21. Qb3 Nd7) 20. Nxe5 Nxe5 21. Nb3 Bh6 {[%emt 0:00:30] Prevents Qd2.} 22. Na5 Ba8 23. Qe2 Qb6 24. Rad1 Red8 25. Bb3 Bg7 26. Kh1 ({Better is} 26. h4 $16) 26... c5 $14 27. Qe3 {[%emt 0:01:02] Threatens to win with f4.} Qc7 28. f4 (28. f3 $16) 28... cxb4 (28... c4 $11 29. Bxe5 dxe5 30. Nxc4 exf4) 29. Bxb4 $16 Nc6 30. Nxc6 {[%emt 0:00:10] 0x0.0014493b71ecdp-1022s more active pieces.} Bxc6 {[%emt 0:00:08] [#]} 31. Qd3 (31. Qd2 $1 $16) 31... Qb7 $11 {[%emt 0:01:23] The position is equal.} 32. Bxd6 Bf8 33. e5 {[%emt 0:00:04] Rd2 is the strong threat.} Bxg2+ 34. Kh2 {[%emt 0:00:04] Weighted Error Value: White=0.25 (precise) /Black=0.18 (very precise)} 1-0

[Event "55th Biel Festival MTO 2022"]
[Site "Biel"]
[Date "2022.07.18"]
[Round "5.7"]
[White "Prraneeth Vuppala"]
[Black "Fedoseev Vladimir"]
[Result "0-1"]
[ECO "B00"]
[WhiteElo "2457"]
[BlackElo "2686"]
[Annotator "TA"]
[PlyCount "62"]
[EventDate "2022.07.13"]
[EventType "swiss"]
[EventCountry "SUI"]
[SourceTitle "playchess.com"]
[Source "ChessBase"]
[SourceQuality "1"]
[TimeControl "40/5400+30:1800+30"]

1. e4 Nc6 2. Nf3 d6 3. d4 Nf6 4. Nc3 g6 5. d5 Nb8 6. Be3 {[%emt 0:07:39] B00: Queen's Fianchetto Defence, Nimzowitsch Defence.} c6 7. Qd2 Bg7 8. h3 {[%emt 0:07:45] White is slightly better.} Nbd7 {[%emt 0:06:28] [#]} 9. a4 $146 ({Predecessor:} 9. g4 cxd5 10. exd5 Nc5 11. g5 Nfe4 12. Nxe4 Nxe4 13. Qb4 Nc5 14. Bd4 Bxd4 15. Qxd4 {0-1 (52) Hovhannisyan,R (2439)-Gelashvili,T (2609) Gyumri 2009}) 9... O-O 10. Be2 Nc5 11. Bxc5 dxc5 12. dxc6 bxc6 13. Qe3 Rb8 14. Rb1 Nd7 15. O-O Qa5 16. e5 Nb6 17. Nd2 (17. Ne4 $14) 17... Nd5 $15 18. Nxd5 cxd5 19. Nb3 Qc7 20. Qxc5 Bxe5 (20... Qxe5 {feels hotter.} 21. Bd3 Qf4 22. Qxd5 Be6) 21. Qxc7 Bxc7 22. Nd4 Bb7 {[%emt 0:01:18] Prevents Nc6.} 23. b4 Rfc8 24. Nb5 Be5 25. Nxa7 Rxc2 26. Bd3 Ra2 {[%emt 0:01:14] Black is more active.} 27. a5 Bd6 (27... Kg7 $17) 28. Rfe1 Ra4 29. Bb5 Rxb4 30. a6 $2 (30. Rxb4 $15 Bxb4 31. Ra1) 30... Rxb1 $19 31. Rxb1 {[%emt 0:00:18] [#]} Bxa6 $1 {[%emt 0:00:30][%mdl 512] Weighted Error Value: White=0.43/Black=0.07 (flawless)} 0-1

[Event "55th Biel Festival MTO 2022"]
[Site "Biel"]
[Date "2022.07.18"]
[Round "5.8"]
[White "Lagarde Maxime"]
[Black "Muradli Mahammad"]
[Result "1/2-1/2"]
[ECO "B67"]
[WhiteElo "2631"]
[BlackElo "2523"]
[Annotator "TA"]
[PlyCount "57"]
[EventDate "2022.07.13"]
[EventType "swiss"]
[EventCountry "SUI"]
[SourceTitle "playchess.com"]
[Source "ChessBase"]
[SourceQuality "1"]
[TimeControl "40/5400+30:1800+30"]

1. e4 c5 2. Nf3 d6 3. d4 cxd4 4. Nxd4 Nf6 5. Nc3 Nc6 6. Bg5 e6 7. Qd2 a6 8. O-O-O Bd7 9. Kb1 Nxd4 {[%emt 0:00:34] B67: Sicilian: Richter-Rauzer: 7...a6 8 0-0-0 Bd7, lines without 9 f4 Be7.} 10. Qxd4 Be7 11. f4 Bc6 {[%emt 0:00:17] White has an edge.} 12. f5 {[%emt 0:05:05] [#]} Qa5 $146 ({Predecessor:} 12... h6 13. Bc1 e5 14. Qd3 b5 15. Qf3 Qc7 16. g4 Rc8 17. Bd3 Qb7 18. Qe2 Rb8 {0-1 (29) Malisauskas,V (2483)-Shengelia,D (2560) Novi Sad 2009}) 13. Bc4 exf5 14. Rhf1 fxe4 15. Bxf6 (15. Nxe4 $5 Nxe4 16. Qxg7 $14) 15... Bxf6 16. Rxf6 (16. Qxd6 Rd8 17. Qg3 Rxd1+ 18. Nxd1 Qd8 $15) 16... gxf6 17. Qxf6 (17. Nxe4 O-O-O 18. Nxf6 Qe5 $17) 17... Qe5 $1 18. Qxf7+ (18. Bxf7+ $2 Kf8 19. Qxe5 (19. Rxd6 $2 Qxf6 20. Rxf6 Ke7 $19) 19... dxe5 $19) 18... Kd8 {[%emt 0:00:08] Hoping for ...Rc8.} 19. Nd5 Rc8 {[%emt 0:11:08] Prevents Qc7+. And now ...Bxd5 would win.} 20. Nf4 {[%emt 0:01:42] [#] White threatens Ne6+ and mate. Dancing on a razor blade.} Bd7 {[%emt 0:01:30][%cal Oc8c4] ...Rxc4! is the strong threat.} 21. Be6 ({But not} 21. Ne6+ $2 Bxe6 22. Qxe6 (22. Bxe6 $2 Rc7 $19) 22... Qxe6 23. Bxe6 Rc7 $19) 21... Rc7 22. Rxd6 $1 Qxd6 23. Qf6+ Qe7 24. Qxh8+ Qe8 25. Qe5 Rc6 26. Qb8+ Rc8 (26... Ke7 $5 27. Qxb7 Rxe6 28. Nxe6 Qh5 $11) 27. Qe5 {[%emt 0:12:20] [#] Black must now prevent Qa5+.} Rc6 28. Qb8+ Rc8 (28... Ke7 $5 29. Qxb7 Rxe6 30. Nxe6 Kxe6 $11) 29. Qe5 $1 {[%emt 0:02:00] Weighted Error Value: White=0.02 (flawless) /Black=0.06 (flawless)} 1/2-1/2

[Event "55th Biel Festival MTO 2022"]
[Site "Biel"]
[Date "2022.07.18"]
[Round "5.9"]
[White "Iturrizaga Bonelli Eduardo"]
[Black "Mohammad Nubairshah Shaikh"]
[Result "1-0"]
[ECO "D15"]
[WhiteElo "2619"]
[BlackElo "2445"]
[Annotator "TA"]
[PlyCount "53"]
[EventDate "2022.07.13"]
[EventType "swiss"]
[EventCountry "SUI"]
[SourceTitle "playchess.com"]
[Source "ChessBase"]
[SourceQuality "1"]
[TimeControl "40/5400+30:1800+30"]

1. c4 c6 2. Nf3 d5 3. e3 Nf6 4. Nc3 a6 5. d4 Bf5 6. Nh4 {[%emt 0:09:54] D15: Slav Defence: 4 Nc3 a6 and gambit lines after 4 Nc3 dxc4.} Be6 7. c5 Nbd7 {[%emt 0:04:34] [#]} 8. Bd2 $146 (8. Qc2 $16) ({Predecessor:} 8. Bd3 g6 9. O-O Bg7 10. Bd2 O-O 11. f4 Bg4 12. Nf3 e6 13. h3 Bf5 14. Be2 {0-1 (30) Shakespeare,J (1926)-Merry,A (2130) High Wycombe 2012}) 8... g5 9. Nf3 g4 10. Nh4 b5 ({Black should try} 10... Ne4 $14) 11. Bd3 $16 Bh6 12. b4 {[%emt 0:13:35] White is more active.} Bg5 13. Nf5 Bxf5 14. Bxf5 h5 15. a4 e6 16. Bd3 e5 (16... Kf8 $16) 17. Bf5 $18 (17. axb5 axb5 18. Rxa8 Qxa8 $16) 17... e4 18. O-O Nf8 19. f3 gxf3 (19... exf3 {keeps fighting.} 20. gxf3 Ne6) 20. gxf3 exf3 21. Qxf3 Rg8 22. Kh1 Ne6 $2 (22... Ng6 23. Bc2 Nh4) 23. axb5 {[%emt 0:00:56] White is clearly winning.} axb5 {[%emt 0:00:17] [#]} 24. Rxa8 Qxa8 25. Bxe6 fxe6 {[%emt 0:00:07] [#]} 26. e4 $1 {[%emt 0:00:03][%cal Be3e4,Be4e5][%mdl 32] Strongly threatening Bxg5.} Bh4 (26... Qd8 27. Bxg5) 27. e5 {[%emt 0:00:06] Black did not feel at home in the position after the opening.  Weighted Error Value: White=0.06 (flawless) /Black=0.45} 1-0

[Event "55th Biel Festival MTO 2022"]
[Site "Biel"]
[Date "2022.07.18"]
[Round "5.10"]
[White "Raja Harshit"]
[Black "Puranik Abhimanyu"]
[Result "1/2-1/2"]
[ECO "D36"]
[WhiteElo "2477"]
[BlackElo "2612"]
[Annotator "TA"]
[PlyCount "40"]
[EventDate "2022.07.13"]
[EventType "swiss"]
[EventCountry "SUI"]
[SourceTitle "playchess.com"]
[Source "ChessBase"]
[SourceQuality "1"]
[TimeControl "40/5400+30:1800+30"]

1. d4 Nf6 2. c4 e6 3. Nc3 d5 4. cxd5 exd5 5. Bg5 c6 6. e3 Be7 7. Qc2 O-O 8. Bd3 Nbd7 9. Nf3 h6 10. Bh4 Nb6 11. O-O {[%emt 0:08:26] D36: Queen's Gambit Declined: Exchange Variation: Main line (5 Bg5 c6 6 Qc2).} Be6 {[%emt 0:07:30] [#]} 12. Ne2 $146 ({Predecessor:} 12. Bxf6 Bxf6 13. b4 Rc8 14. a4 Nd7 15. Rfc1 a5 16. bxa5 Qxa5 17. Bf5 Rfe8 18. Bxe6 Rxe6 19. Rab1 b6 20. h3 {½-½ (20) Varga,Z (2461)-Nomin Erdene,D (2434) Kecskemet 2015}) 12... Nfd7 13. Bg3 {[%emt 0:04:39] White is slightly better.} Bg4 14. Ne5 Nxe5 15. dxe5 Bxe2 16. Qxe2 Bh4 17. Bf4 Bg5 18. Bg3 Bh4 19. Bf4 Bg5 $1 20. Bg3 Bh4 {[%emt 0:02:38] Weighted Error Value: White=0.19 (very precise) /Black=0.09 (flawless)} 1/2-1/2

[Event "55th Biel Festival MTO 2022"]
[Site "Biel"]
[Date "2022.07.18"]
[Round "5.11"]
[White "Huschenbeth Niclas"]
[Black "Panjwani Raja"]
[Result "1-0"]
[ECO "B32"]
[WhiteElo "2610"]
[BlackElo "2450"]
[Annotator "TA"]
[PlyCount "127"]
[EventDate "2022.07.13"]
[EventType "swiss"]
[EventCountry "SUI"]
[SourceTitle "playchess.com"]
[Source "ChessBase"]
[SourceQuality "1"]
[TimeControl "40/5400+30:1800+30"]

1. e4 c5 2. Nf3 Nc6 3. d4 cxd4 4. Nxd4 e5 5. Nb5 d6 6. N1c3 a6 7. Na3 Be7 8. Nc4 b5 {[%emt 0:00:30][%cal Bb7b5,Bb5b4][%mdl 32] B32: Sicilian: Löwenthal and Kalashnikov Variations.} 9. Ne3 (9. Qd5 Bb7 10. Ne3 Nf6 $11) 9... Nf6 10. g3 O-O {[%emt 0:00:19] White has an edge.} 11. Bg2 b4 12. Ncd5 Nxd5 13. Nxd5 Bg5 14. Bxg5 Qxg5 15. a3 Rb8 (15... bxa3 $11 {feels stronger.} 16. Rxa3 (16. h4 Qd8 $11) 16... Rb8) 16. axb4 $1 $16 Nxb4 17. Ne3 {[%emt 0:00:28] c3 is the strong threat.} Qd8 18. c3 Nc6 19. b4 (19. Qa4 $5 Ne7 20. b4 $14) 19... a5 20. Qa4 $36 {[%emt 0:00:30][%csl LRa5,LRc6][%mdl 2048] [#] Black is under pressure. White is more active.} Bb7 $146 (20... Qe8 $14) ({Predecessor:} 20... Qd7 21. b5 Nd8 22. Rb1 Nb7 23. O-O Qd8 24. Rfd1 Be6 25. b6 g6 26. f4 f6 27. f5 {½-½ (27) Zinchenko,Y (2516)-Fedorov,A (2603) Voronezh 2008}) 21. b5 $18 (21. bxa5 $6 Nxa5 22. O-O (22. Qxa5 Ra8 $17) 22... Ra8 $14) 21... Ne7 {[%emt 0:00:35] [#]} 22. O-O $1 ({Avoid the trap} 22. Qxa5 $2 Ra8 23. Qxa8 (23. Qxd8 $2 Rxa1+ 24. Kd2 Ra2+ 25. Kd3 Rxd8 $19) 23... Bxa8 $19) 22... f5 23. exf5 Bxg2 24. Kxg2 Qb6 (24... d5 $16 {keeps fighting.}) 25. Qa2+ ({Don't play} 25. Qxa5 $6 Qxb5 26. Qxb5 Rxb5 $16) 25... Kh8 26. Qxa5 Qb7+ {[%emt 0:07:08] [#]} 27. Kg1 $1 Nxf5 28. Qa6 (28. Nxf5 $18 Rxf5 29. c4) 28... Nxe3 $16 29. Qxb7 ({Worse is} 29. fxe3 Qe4 $11) 29... Rxb7 30. fxe3 {[%emt 0:00:04][%cal Rf1f8][%mdl 4096] Endgame KRR-KRR} Rc8 31. c4 h6 32. Ra4 Rbc7 (32... d5 $16) 33. b6 Rb7 34. Rb1 Rc6 35. Rab4 Kg8 36. Kf2 Kf7 37. Kf3 Ke6 38. g4 Rc8 (38... g5 $16 39. Ke4 Rc8) 39. Ra1 $18 {[%emt 0:00:56] Threatens to win with Ra7.} Rcb8 40. Ra6 Kd7 $2 (40... d5 {was necessary.} 41. c5 Kd7) 41. Ra7 Kc6 42. Rxb7 Kxb7 {[%emt 0:10:49] KR-KR} (42... Rxb7 $142 43. Ke4 Kc5) 43. Ke4 {[%emt 0:00:05] Strongly threatening Kd5.} Rf8 44. Kd5 Rf6 45. h4 Rg6 46. h5 Rxg4 47. Kxd6 {[%emt 0:00:04] And now Kd5 would win.} g6 48. hxg6 Rxg6+ 49. Kxe5 {[%emt 0:00:36] c5 would kill now.} h5 50. c5 {[%emt 0:00:44] Intending Kd5 and mate.} Rg5+ 51. Kd6 Rg6+ 52. Kd7 Rg7+ 53. Ke6 Rg8 54. Kd7 $2 (54. e4 {mates} Rc8 55. Kd5 Rd8+ 56. Kc4 Kc6 57. e5 h4 58. e6 h3 59. e7) 54... Rg7+ 55. Kd6 $2 (55. Kd8) 55... Rg6+ 56. Ke7 (56. Kd5 $142 Rg5+ 57. Kd4) 56... Rh6 57. Rh4 {[%emt 0:00:35] White mates.} Kc6 58. e4 Kxc5 59. b7 Rb6 60. Rxh5+ Kc4 61. e5 Rxb7+ 62. Kf6 Kd5 63. e6+ Kd6 64. Rh8 {[%emt 0:00:36] Weighted Error Value: White=0.30/Black=0.50} 1-0

[Event "55th Biel Festival MTO 2022"]
[Site "Biel"]
[Date "2022.07.18"]
[Round "5.12"]
[White "Shevchenko Kirill"]
[Black "Katz, Alexander"]
[Result "1/2-1/2"]
[ECO "B14"]
[WhiteElo "2654"]
[BlackElo "2402"]
[Annotator "TA"]
[PlyCount "33"]
[EventDate "2022.07.13"]
[EventType "swiss"]
[EventCountry "SUI"]
[SourceTitle "playchess.com"]
[Source "ChessBase"]
[SourceQuality "1"]
[TimeControl "40/5400+30:1800+30"]

1. c4 c6 2. e4 d5 3. exd5 cxd5 4. d4 Nf6 5. Nc3 e6 6. Nf3 Nc6 7. cxd5 Nxd5 8. Bd3 Bb4 9. Qc2 Ba5 10. a3 {[%emt 0:06:32] B14: Caro-Kann: Panov-Botvinnik Attack with 5...e6 and 5...g6.} h6 $1 {[%emt 0:04:01][%mdl 4] Against Bg5 outshines the older 10...Nxc3.} 11. O-O O-O 12. Ne4 {[%emt 0:24:57] White has an edge.} Bb6 13. Nc5 {[%emt 0:14:53] [#]} Qc7 $146 ({Predecessor:} 13... Qe7 14. Nb3 Rd8 15. Bd2 Bd7 16. Rfe1 Rac8 17. Qd1 Qf6 18. Re4 Nce7 19. Ne5 Nf5 {½-½ (32) Naiditsch,A (2663)-Doettling,F (2542) France 2007}) 14. Nb3 a5 15. Be3 {[%emt 0:02:31] [#]} e5 $1 16. Bh7+ Kh8 {[%emt 0:00:14] Hoping for ...f5.} 17. Be4 {[%emt 0:00:05] Weighted Error Value: White=0.22 (precise) /Black=0.01 (flawless)} 1/2-1/2